 Dungeon Crawl Stone Soup version 0.30.1-11-g7821555f0a (webtiles) character file.

Game seed: 5966627726926294449

56 pkoi the Insei (level 3, -3/31 HPs)
             Began as a Draconian Monk on Nov 6, 2023.
             Killed from afar by Sigmund (11 damage)
             ... with a puff of flame
             ... on level 2 of the Dungeon.
             The game lasted 00:01:32 (1353 turns).

pkoi the Insei (Draconian Monk)                     Turns: 1353, Time: 00:01:33

Health: -3/31      AC:  5    Str: 13    XL:     3   Next: 71%
Magic:  3/3        EV: 12    Int: 12    God:
Gold:   79         SH:  0    Dex: 13    Spells: 2/2 levels left

rFire   . . .        g - +4 dagger
rCold   . . .        b - orb {light}
rNeg    . . .        (body armour unavailable)
rPois   .            (helmet restricted)
rElec   .            (no cloak)
rCorr   .            (no gloves)
SInv    .            (no boots)
Will    .....        (no amulet)
Stlth   +            (no ring)
HPRegen 0.25/turn    (no ring)
MPRegen 0.08/turn

%: no passive effects
@: glowing
A: AC +5, unfitting armour, cold-blooded
a: no special abilities


You were on level 2 of the Dungeon.
You visited 1 branch of the dungeon, and saw 2 of its levels.

You collected 79 gold pieces.

Inventory:

Hand Weapons
 d - a +0 whip of venom
 g - a +4 dagger (weapon)
Armour
 b - an orb of light (worn)
Jewellery
 f - a ring of resist corrosion
Scrolls
 e - a scroll of immolation {unknown}
 h - a scroll of torment {unknown}
 i - a scroll of identify
 j - a scroll of poison {unknown}
Potions
 a - a potion of ambrosia
 c - a potion of might


   Skills:
 - Level 3.2 Fighting
 - Level 2.6 Dodging
 + Level 4.7 Unarmed Combat


You had 2 spell levels left.
You didn't know any spells.
Your spell library contained the following spells:

 Spells                   Type           Power      Damage    Failure   Level
 Kiss of Death            Conj/Necr      0%         2d5       32%         1
 Slow                     Hex            0%         N/A       32%         1
 Confusing Touch          Hex            0%         N/A       69%         3
 Vampiric Draining        Necr           0%         2d6       69%         3
 Dispel Undead            Necr           0%         3d6       97%         4


Dungeon Overview and Level Annotations

Branches:
Dungeon (2/15)

Altars:
Wu Jian

Annotations:
D:2 Sigmund


Innate Abilities, Weirdness & Mutations

Your plain brown scales are hard. (AC +5)
You cannot fit into any form of body armour.
You are cold-blooded and may be slowed by cold attacks.


Message History

Your +0 whip of venom begins to drip with poison!
d - a +0 whip of venom (weapon)
A magic dart appears from out of thin air!
The magic dart hits you!
Sigmund hits you from afar with a +0 scythe!
You barely miss Sigmund.
You tail-slap Sigmund, but do no damage.
Sigmund hits you but does no damage.
You completely miss Sigmund. Sigmund barely misses you.
You hit Sigmund but do no damage.
Sigmund is poisoned.
Sigmund hits you with a +0 scythe.
You barely miss Sigmund.
You tail-slap Sigmund, but do no damage.
Sigmund is lightly wounded.
Your +0 whip of venom stops dripping with poison.
g - a +4 dagger (weapon)
Sigmund closely misses you.
You hit Sigmund but do no damage.
Sigmund is moderately wounded.
You hit Sigmund.
You tail-slap Sigmund, but do no damage.
Sigmund is heavily wounded.
Sigmund hits you with a +0 scythe.
* * * LOW HITPOINT WARNING * * *
You hit Sigmund.
Sigmund is heavily wounded.
Sigmund barely misses you.
Unknown command.
You barely miss Sigmund.
Sigmund is heavily wounded.
Unknown command.
You hit Sigmund.
Sigmund is almost dead.
Sigmund closely misses you.
Unknown command.
You hit Sigmund.
Sigmund is almost dead.
Sigmund gestures at you while chanting. The puff of flame hits you!
You die...

#.# #.# ########## #.#
#........# #.# #.######.#
#.############ #.#
####.######.##.........# #.#
#.....†..#...#.#######.### #.#
#.##.###...@...# #.....†.#
#.###.##.# #.#.@.#.# #.###.#.#
#........# #.##.##.###.###.#.#
####..#### #...............#.#
#.## ####.############.# #.#
##'## #..# #.# ##...## #.##
#.## ##.....## ###.# #..##
##......<## ###.#.##
###...####.........###......###


You could see Sigmund (invisible, poisoned).

Vanquished Creatures
  An adder (D:2)
  A worm (D:2)
  2 dart slugs
  4 endoplasms
  A giant cockroach (D:1)
  4 goblins
  A hobgoblin (D:1)
  6 jackals
  4 quokkas (D:1)
  2 ball pythons
  A bat (D:2)
  3 frilled lizards
  5 kobolds
  3 rats
38 creatures vanquished.

Notes
Turn   | Place    | Note
-------+----------+-------------------------------------------
     0 | D:1      | pkoi the Draconian Monk began the quest for the Orb.
     0 | D:1      | Reached XP level 1. HP: 19/19 MP: 1/1
   107 | D:1      | Reached XP level 2. HP: 26/26 MP: 2/2
   435 | D:1      | Reached skill level 4 in Unarmed Combat
   728 | D:1      | Reached XP level 3. HP: 31/31 MP: 3/3
  1315 | D:2      | Found an ornate altar of the Wu Jian Council.
  1316 | D:2      | Noticed Sigmund
  1353 | D:2      | Killed from afar by Sigmund

Illustrated notes

Levels and vault maps discovered:
D:1:      ncdulo_lavacross, layout_loops_ring
D:2:      layout_loops_corners, basic_altar, uniq_sigmund

Skill      XL: |  1  2 |
---------------+-------+-----
Unarmed Combat | 4 |  4.7
Fighting       | |  3.2
Dodging        | |  2.6

Action                     || total
---------------------------++-------
  Melee: Unarmed           ||    75
         Tailslap          ||    17
         Dagger            ||    15
         Whip              ||    10
    Use: Scroll            ||     3
 Armour: Skin              ||    21
  Dodge: Dodged            ||    53
